[Event "Titled Tuesday Blitz March 15 Late 2022"]
[White "Svicevic, Rastko"]
[Black "Reprintsev, Alexander"]
[WhiteFideId "916315"]
[BlackFideId "14100541"]
[WhiteElo "2132"]
[BlackElo "2108"]
[Result "0-1"]
[Round "06"]
[TimeControl "180+1"]
[Date "2022.03.16"]
[WhiteClock "0:00:36"]
[BlackClock "0:02:17"]

1. e3 g6 2. e4 Bg7 3. d4 c5 4. d5 f5 5. exf5 Nf6 6. fxg6 O-O 7. gxh7+ Kh8 8. Nf3 e6 9. Nc3 exd5 10. Nxd5 Nc6 11. Be2 Nxd5 12. Qxd5 Nb4 13. Qxc5 a5 14. O-O b6 15. Qh5 Nxc2 16. Bg5 Qe8 17. Qxe8 Rxe8 18. Bd3 Nxa1 19. Rxa1 Bb7 20. Nh4 Be4 21. Bb5 Re5 0-1


[Site "https://www.chess.com"]

[Event "Titled Tuesday Blitz March 15 Late 2022"]
[White "Swicarz, Maciej"]
[Black "Beerdsen, Thomas"]
[WhiteFideId "1113585"]
[BlackFideId "1030108"]
[WhiteElo "2057"]
[BlackElo "2585"]
[Result "1-0"]
[Round "06"]
[TimeControl "180+1"]
[Date "2022.03.16"]
[WhiteClock "0:00:13"]
[BlackClock "0:00:05"]

1. c4 g5 2. d4 g4 3. h3 g3 4. fxg3 c5 5. e3 cxd4 6. exd4 d5 7. cxd5 Nf6 8. Bb5+ Bd7 9. Bc4 Rg8 10. Ne2 Qc7 11. Qb3 Na6 12. d6 Qa5+ 13. Bd2 Qh5 14. Qxb7 Rb8 15. Qxa6 Ne4 16. Qxa7 Rc8 17. Ba6 Rd8 18. Ba5 Qxa5+ 19. Nbc3 Nxg3 20. Nxg3 Rxg3 21. O-O Bc6 22. d5 Bd7 23. Rae1 Rg6 24. Qf2 f5 25. Bd3 Rf6 26. dxe7 Bxe7 27. d6 Rxd6 28. Bxf5 Qb6 29. Bxd7+ R8xd7 30. Qxb6 Rxb6 31. Re2 Kd8 32. Rd1 Bf6 33. Red2 Rxd2 34. Rxd2+ Kc8 35. Kf2 Bg5 36. Rc2 Kb7 37. Ne4 Be7 38. b3 h5 39. g4 hxg4 40. hxg4 Rh6 41. Kg3 Rh1 42. Kf4 Rf1+ 43. Ke5 Re1 44. Rd2 Bb4 45. Rd5 Kc6 46. Rd3 Re2 47. a4 Ba5 48. g5 Bc7+ 49. Kf5 Re1 50. g6 Rf1+ 51. Kg4 Re1 52. Ng5 Rg1+ 53. Kf5 Rf1+ 54. Ke6 Rg1 55. Kf6 Bf4 56. Nf3 Rg4 57. Kf5 Rxg6 58. Kxg6 1-0


[Site "https://www.chess.com"]

[Event "Titled Tuesday Blitz March 15 Late 2022"]
[White "Sztokbant, Bernardo Vainzoff"]
[Black "Ansh M Shah"]
[WhiteFideId "2115956"]
[BlackFideId "25033379"]
[WhiteElo "2237"]
[BlackElo "1819"]
[Result "1-0"]
[Round "06"]
[TimeControl "180+1"]
[Date "2022.03.16"]
[WhiteClock "0:00:15"]
[BlackClock "0:00:07"]

1. e4 c6 2. d4 d5 3. exd5 cxd5 4. Bd3 Nc6 5. c3 Nf6 6. h3 g6 7. Nf3 Bg7 8. O-O O-O 9. Re1 Bf5 10. Bf4 Bxd3 11. Qxd3 Ne4 12. Nbd2 f5 13. Ng5 e5 14. Ne6 Qd6 15. Nxf8 exf4 16. Nxh7 Kxh7 17. f3 Nf6 18. Re2 Re8 19. Rae1 Rxe2 20. Qxe2 Kg8 21. Nb3 b6 22. Qe6+ Qxe6 23. Rxe6 Nb8 24. Re7 Nbd7 25. Nc1 Bf8 26. Re6 Kf7 27. Rc6 a5 28. Nd3 Ne8 29. Nxf4 Nef6 30. Nd3 Ne8 31. Kf1 Nd6 32. Ke2 g5 33. Ne5+ Nxe5 34. dxe5 Nc4 35. e6+ Kf6 36. b3 Nd6 37. Rxb6 Kxe6 38. Kd3 Be7 39. a4 Ke5 40. Ra6 Bd8 41. Ra8 Bc7 42. Rg8 Nf7 43. b4 axb4 44. cxb4 Bd6 45. b5 Bc5 46. a5 Nd6 47. b6 Nc4 48. b7 Bd6 49. a6 Nb2+ 50. Ke2 Na4 51. a7 Nc5 52. a8=Q Ne6 53. Rg6 Nf4+ 54. Kd2 Nxg6 55. Qe8+ Ne7 56. Qxe7+ Bxe7 57. b8=Q+ Kd4 58. Qc8 Bf6 59. Qxf5 Be5 60. Qxg5 Bh2 61. f4 Ke4 62. Qe5# 1-0


[Site "https://www.chess.com"]

[Event "Titled Tuesday Blitz March 15 Late 2022"]
[White "Tabatabaei, M. Amin"]
[Black "Holt, Conrad"]
[WhiteFideId "12521213"]
[BlackFideId "2034387"]
[WhiteElo "2544"]
[BlackElo "2586"]
[Result "1-0"]
[Round "06"]
[TimeControl "180+1"]
[Date "2022.03.15"]
[WhiteClock "0:00:05"]
[BlackClock "0:00:08"]

1. d4 d5 2. Nf3 Nf6 3. c3 Bf5 4. Qb3 Qc8 5. c4 e6 6. cxd5 exd5 7. Nc3 c6 8. Bf4 Be7 9. Rc1 O-O 10. h3 Nbd7 11. e3 Re8 12. Nb5 cxb5 13. Rxc8 Rexc8 14. Be2 Rc1+ 15. Bd1 Bc2 16. Qxc2 Rxc2 17. Bxc2 Rc8 18. Kd1 Nb6 19. Bf5 Rc4 20. Bd3 Ra4 21. Bb1 Rc4 22. Ne5 Rc8 23. Bf5 Re8 24. Ke2 Ne4 25. f3 Nd6 26. Bd3 Na4 27. b3 Nc3+ 28. Kd2 Rc8 29. Rc1 b4 30. Rc2 g6 31. Ng4 a5 32. Nf2 Rc6 33. Nd1 Ndb5 34. Bxb5 Nxb5 35. Kd3 Na3 36. Rxc6 bxc6 37. Nb2 Nb5 38. Na4 Kf8 39. e4 Ke8 40. Bd2 dxe4+ 41. fxe4 Bf6 42. Be3 Kd8 43. Nb2 Kd7 44. Nc4 Bd8 45. Bd2 Bc7 46. d5 f5 47. dxc6+ Kxc6 48. exf5 gxf5 49. Ne3 Nd6 50. Be1 Bb6 51. Nc4 Bc7 52. Nxd6 Bxd6 53. Kc4 Bc5 54. Bg3 Bb6 55. Be5 Ba7 56. Bf6 Bb6 57. Bg5 Bc7 58. Be3 Bd8 59. Bd4 Bc7 60. Bb2 Bb6 61. Bc1 Bc7 62. Kd4 Bb8 63. Bg5 Bd6 64. Bd8 Bb8 65. Bxa5 Bd6 66. Kc4 h5 67. Bxb4 Bc7 68. Bc3 Kd7 69. b4 Ke6 70. b5 f4 71. a4 Kf5 72. a5 Ke4 73. b6 Bd8 74. b7 Bc7 75. a6 Bb8 76. Bd4 f3 77. gxf3+ Kxf3 78. a7 Bxa7 79. Bxa7 h4 80. b8=Q Kg2 81. Qg8+ Kxh3 82. Bf2 Kh2 83. Qg4 1-0


[Site "https://www.chess.com"]

[Event "Titled Tuesday Blitz March 15 Late 2022"]
[White "Tang, Andrew"]
[Black "Goltsev, Dmitry"]
[WhiteFideId "2059630"]
[BlackFideId "24176710"]
[WhiteElo "2584"]
[BlackElo "2273"]
[Result "1/2-1/2"]
[Round "06"]
[TimeControl "180+1"]
[Date "2022.03.15"]
[WhiteClock "0:00:07"]
[BlackClock "0:00:20"]

1. d4 d5 2. Bf4 Nf6 3. e3 Bf5 4. c4 e6 5. Nc3 c6 6. Qb3 Qb6 7. c5 Qxb3 8. axb3 a6 9. b4 Be7 10. b5 O-O 11. h3 Ne4 12. Nf3 Nxc3 13. bxc3 cxb5 14. Bxb5 Nc6 15. Bxc6 bxc6 16. Ne5 Rfc8 17. g4 Be4 18. f3 Bg6 19. Nd7 Ra7 20. Nb6 Re8 21. Kd2 f6 22. Ra5 e5 23. dxe5 Bf7 24. exf6 Bxf6 25. Rha1 Rae7 26. Re1 Bh4 27. Re2 g5 28. Bd6 Re6 29. Rxa6 Bg6 30. Ra7 Rf6 31. f4 Be4 32. f5 Bf3 33. Rh2 h5 34. gxh5 Bxh5 35. Rc7 Rxf5 36. Rxc6 Rf1 37. Rc8 Rxc8 38. Nxc8 Ra1 39. Ne7+ Kf7 40. Nxd5 Rd1+ 41. Kc2 Rxd5 42. e4 Rd1 43. e5 Ke6 44. c6 Ra1 45. c7 Ra8 46. Rh1 Bg3 47. Rg1 Bf4 48. Kd3 Be8 49. Kd4 Bd7 50. h4 gxh4 51. Rg6+ Kf5 52. Rf6+ Kg5 53. Rxf4 Ra4+ 54. c4 h3 55. Rf2 Be6 56. Rc2 Kf4 57. Kc5 Kg3 58. Kb5 Ra1 59. Rc3+ Kg2 60. Rc2+ Kg3 61. Rc3+ Kg2 62. Rc2+ Kg3 1/2-1/2


[Site "https://www.chess.com"]

[Event "Titled Tuesday Blitz March 15 Late 2022"]
[White "Thavandiran, Shiyam"]
[Black "Yedidia, Daniel"]
[WhiteFideId "2605058"]
[BlackFideId "30905907"]
[WhiteElo "2357"]
[BlackElo "2513"]
[Result "1-0"]
[Round "06"]
[TimeControl "180+1"]
[Date "2022.03.16"]
[WhiteClock "0:00:25"]
[BlackClock "0:00:15"]

1. e4 e5 2. Bc4 Nf6 3. d3 Be7 4. Nc3 c6 5. Nf3 Qc7 6. O-O O-O 7. a4 Rd8 8. Ba2 d5 9. exd5 cxd5 10. Nb5 Qd7 11. Nxe5 Qf5 12. Re1 Bb4 13. c3 Ba5 14. Nd4 Qh5 15. Qxh5 Nxh5 16. Bd2 Nf6 17. Re2 Nbd7 18. Rae1 Nxe5 19. Rxe5 Bc7 20. Re7 Bd6 21. R7e2 Bg4 22. f3 Bh5 23. Nf5 Bg6 24. Nxd6 Rxd6 25. d4 h6 26. Re7 Rb6 27. b4 a5 28. b5 Kf8 29. c4 Ne4 30. fxe4 Kxe7 31. exd5+ Kf8 32. c5 Rf6 33. d6 Bc2 34. Bd5 Rb8 35. Bxa5 Bxa4 36. Bc7 Re8 37. Rxe8+ Kxe8 38. b6 Bb5 39. h3 Kd7 40. Bxb7 Rf1+ 41. Kh2 Rc1 42. Bf3 Ba6 43. b7 Bxb7 44. Bxb7 f5 45. c6+ 1-0


[Site "https://www.chess.com"]

[Event "Titled Tuesday Blitz March 15 Late 2022"]
[White "Torres Hernandez, Leslie Carolin"]
[Black "Ljukin, Sergei"]
[WhiteFideId "8400504"]
[BlackFideId "14102200"]
[WhiteElo "1920"]
[BlackElo "2312"]
[Result "0-1"]
[Round "06"]
[TimeControl "180+1"]
[Date "2022.03.16"]
[WhiteClock "0:02:12"]
[BlackClock "0:02:09"]

1. e4 e6 2. Qe2 Be7 3. b3 d5 4. exd5 exd5 5. Bb2 Nf6 6. d3 O-O 7. Nd2 Re8 8. O-O-O Ba3 9. Qxe8+ Qxe8 10. Bxa3 a5 11. Ngf3 a4 12. Kb2 axb3 13. axb3 Qc6 14. Ne5 Qb6 15. Ndf3 Qxf2 16. Rd2 Qb6 17. Be2 Be6 18. Rf1 Nc6 19. Nxc6 bxc6 20. Ne5 Rxa3 21. Kxa3 Qa5+ 0-1


[Site "https://www.chess.com"]

[Event "Titled Tuesday Blitz March 15 Late 2022"]
[White "Urbina Perez, Juan Antonio"]
[Black "Oro, Luis"]
[WhiteFideId "2217368"]
[BlackFideId "104094"]
[WhiteElo "2192"]
[BlackElo "2279"]
[Result "1-0"]
[Round "06"]
[TimeControl "180+1"]
[Date "2022.03.16"]
[WhiteClock "0:00:31"]
[BlackClock "0:00:02"]

1. d4 Nf6 2. Nf3 g6 3. g3 Bg7 4. Bg2 O-O 5. O-O d6 6. Nc3 Nbd7 7. a4 e5 8. Re1 c6 9. e4 Qc7 10. h3 a5 11. Be3 Re8 12. Rc1 Nb6 13. dxe5 dxe5 14. Qe2 Be6 15. b3 Nbd7 16. Red1 Bf8 17. Rd2 Bb4 18. Rd3 Nc5 19. Bxc5 Bxc5 20. Rcd1 Bb4 21. Ng5 Bc8 22. Qf3 Kg7 23. Qe3 h6 24. Nf3 Be6 25. Bf1 b6 26. g4 Nd7 27. Na2 Be7 28. R3d2 Rad8 29. Qc3 f6 30. Bc4 Nc5 31. Bxe6 Nxe6 32. Rxd8 Bxd8 33. Qc4 Nf4 34. Kh2 Be7 35. Nc3 Bc5 36. Rf1 Rd8 37. Ne2 Nxe2 38. Qxe2 Qd6 39. Kg2 Bb4 40. Qc4 Bc5 41. h4 h5 42. gxh5 gxh5 43. Rg1 Kh7 44. Qe2 Qe6 45. Nh2 Rg8+ 46. Kh1 Rxg1+ 47. Kxg1 Kh6 48. Qd2+ Kh7 49. Qe2 Kg6 50. Qf3 Bd4 51. Kg2 Bc5 52. Nf1 b5 53. Ng3 Qg4 54. Qxg4+ hxg4 55. Nf5 Kh5 56. Kg3 Bb4 57. Ng7+ Kg6 58. Ne6 Kh5 59. Nd8 bxa4 60. bxa4 c5 61. Ne6 c4 62. Nc7 Be1 63. Nd5 Kg6 64. Ne3 c3 65. Nxg4 Bd2 66. Nh2 Bf4+ 67. Kg2 Kh5 68. Nf3 Kg4 69. h5 Kxh5 70. Ne1 Bd2 71. Nd3 Kg4 72. f3+ Kg5 73. Kf2 Bf4 74. Ke2 Bd2 75. Nc5 Kf4 76. Nb3 Be3 77. Nxa5 Ba7 78. Nc6 Bb8 79. Nxb8 1-0


[Site "https://www.chess.com"]

[Event "Titled Tuesday Blitz March 15 Late 2022"]
[White "Van den Dikkenberg, Erik"]
[Black "Vusatiuk, Vladimir"]
[WhiteFideId "1005880"]
[BlackFideId "14118610"]
[WhiteElo "2118"]
[BlackElo "2157"]
[Result "0-1"]
[Round "06"]
[TimeControl "180+1"]
[Date "2022.03.16"]
[WhiteClock "0:00:40"]
[BlackClock "0:00:33"]

1. e4 Nc6 2. d4 d5 3. e5 Bf5 4. c3 h6 5. Nf3 e6 6. Bd3 Bxd3 7. Qxd3 Nge7 8. O-O Qd7 9. b4 a6 10. a4 Nf5 11. Nbd2 Be7 12. Re1 g5 13. Bb2 g4 14. b5 Na5 15. c4 gxf3 16. Qxf3 dxc4 17. Bc3 Nxd4 18. Qg3 Nc2 19. Bxa5 Nxa1 20. Rxa1 axb5 21. axb5 b6 22. Nxc4 bxa5 23. b6 Qd4 24. Rc1 Bg5 25. Qf3 Bxc1 26. Qxa8+ Ke7 0-1


[Site "https://www.chess.com"]

[Event "Titled Tuesday Blitz March 15 Late 2022"]
[White "Vine, Elzbieta"]
[Black "Petrova, Irina"]
[WhiteFideId "1119320"]
[BlackFideId "14124122"]
[WhiteElo "1843"]
[BlackElo "1993"]
[Result "0-1"]
[Round "06"]
[TimeControl "180+1"]
[Date "2022.03.16"]
[WhiteClock "0:00:02"]
[BlackClock "0:01:36"]

1. e4 d6 2. d4 Nf6 3. Nc3 e5 4. d5 Be7 5. Nf3 c6 6. Bc4 O-O 7. O-O h6 8. Re1 b5 9. Bb3 b4 10. Ne2 c5 11. Ng3 a5 12. c4 Re8 13. h3 Nbd7 14. Be3 Nf8 15. a4 Ng6 16. Qd2 Bd7 17. Nf5 Nxe4 18. Nxe7+ Qxe7 19. Qe2 f5 20. Qc2 Ng5 21. Qe2 Qf6 22. Bc2 e4 0-1


[Site "https://www.chess.com"]

[Event "Titled Tuesday Blitz March 15 Late 2022"]
[White "Vlassov, Nikolai"]
[Black "Bettalli, Francesco"]
[WhiteFideId "4103360"]
[BlackFideId "2816453"]
[WhiteElo "2407"]
[BlackElo "2216"]
[Result "1-0"]
[Round "06"]
[TimeControl "180+1"]
[Date "2022.03.16"]
[WhiteClock "0:01:03"]
[BlackClock "0:01:38"]

1. e4 e5 2. Bc4 Nf6 3. Nc3 Nc6 4. Nf3 Bb4 5. Nd5 Nxd5 6. exd5 Na5 7. Be2 Bd6 8. b4 Bxb4 9. Nxe5 Qf6 10. Bb2 Bd6 11. d4 b6 12. O-O O-O 13. c4 c5 14. f4 cxd4 15. Bxd4 Bc5 16. Bxc5 bxc5 17. Qd2 Nb7 18. Rab1 Nd6 19. Bd3 Nf5 20. Bxf5 Qxf5 21. d6 f6 22. Qd5+ Qe6 23. Qxa8 fxe5 24. fxe5 Re8 25. Rb8 1-0


[Site "https://www.chess.com"]

[Event "Titled Tuesday Blitz March 15 Late 2022"]
[White "Vokhidov, Shamsiddin"]
[Black "Bilych, Olexiy"]
[WhiteFideId "14204223"]
[BlackFideId "14156504"]
[WhiteElo "2611"]
[BlackElo "2176"]
[Result "1-0"]
[Round "06"]
[TimeControl "180+1"]
[Date "2022.03.15"]
[WhiteClock "0:01:53"]
[BlackClock "0:00:12"]

1. e4 e5 2. Nf3 Nc6 3. d4 exd4 4. Nxd4 Nf6 5. Nxc6 bxc6 6. Bd3 d5 7. exd5 cxd5 8. O-O Be7 9. c4 d4 10. Bg5 O-O 11. Nd2 Rb8 12. Rb1 c5 13. Re1 h6 14. Bh4 Rb6 15. Qe2 Re8 16. h3 Bb7 17. Bxf6 Rxf6 18. Be4 Re6 19. Qd3 Bg5 20. Bh7+ Kh8 21. Rxe6 Rxe6 22. Bf5 Re8 23. Nf3 g6 24. h4 Bf4 25. Qb3 Bxf3 26. Qxf3 Qxh4 27. g3 Qg5 28. Bd3 Bd6 29. Qxf7 Rf8 30. Qxg6 Qxg6 31. Bxg6 Kg7 32. Bd3 Re8 33. Kg2 Kf6 34. Rh1 Kg5 35. f4+ Bxf4 36. gxf4+ Kxf4 37. Rf1+ Ke3 38. Re1+ Kxd3 39. Rxe8 Kc2 40. Kf2 d3 41. Rd8 Kxb2 42. Rxd3 Kxa2 43. Ke2 a5 44. Rd5 Kb3 45. Kd3 a4 46. Rxc5 a3 47. Rb5+ Ka4 48. Kc3 h5 49. Rb8 Ka5 50. Ra8+ Kb6 51. Rxa3 h4 52. Ra2 h3 53. Rh2 Kc5 54. Rxh3 Kc6 55. Rh5 Kd6 56. Kd4 Kd7 57. c5 Ke7 58. Kd5 Kf6 59. c6 Kg6 60. c7 Kxh5 61. c8=Q Kg5 62. Qf8 Kg6 63. Ke5 Kh7 1-0


[Site "https://www.chess.com"]

[Event "Titled Tuesday Blitz March 15 Late 2022"]
[White "Winkels, Marcel"]
[Black "Perez Torres, Nabi Isaias"]
[WhiteFideId "1003887"]
[BlackFideId "5120373"]
[WhiteElo "1900"]
[BlackElo "1755"]
[Result "0-1"]
[Round "06"]
[TimeControl "180+1"]
[Date "2022.03.16"]
[WhiteClock "0:01:54"]
[BlackClock "0:01:22"]

1. e4 c5 2. Nf3 d6 3. d4 cxd4 4. Nxd4 Nf6 5. Nc3 g6 6. Be3 Bg7 7. f3 Nc6 8. Qd2 O-O 9. O-O-O d5 10. exd5 Nxd5 11. Nxc6 bxc6 12. Ne4 Bf5 13. Bd4 Bxd4 14. Qxd4 Qb6 15. g4 Bxe4 16. Qxb6 axb6 17. fxe4 Ne3 18. Rd7 Nxf1 19. Rxf1 Rxa2 20. Kb1 Rfa8 0-1


[Site "https://www.chess.com"]

[Event "Titled Tuesday Blitz March 15 Late 2022"]
[White "Xiong, Jeffery"]
[Black "Abdrlauf, Elham"]
[WhiteFideId "2047640"]
[BlackFideId "1533533"]
[WhiteElo "2727"]
[BlackElo "2334"]
[Result "1-0"]
[Round "06"]
[TimeControl "180+1"]
[Date "2022.03.15"]
[WhiteClock "0:02:51"]
[BlackClock "0:01:45"]

1. Nf3 Nf6 2. c4 e6 3. b3 d5 4. Bb2 Be7 5. g3 O-O 6. Bg2 c5 7. cxd5 exd5 8. O-O d4 9. Na3 Nc6 10. Nc4 Re8 11. e3 Bf8 12. exd4 cxd4 13. Re1 Rxe1+ 14. Qxe1 Be6 15. Nce5 Bd5 16. Rc1 Qa5 17. Nxc6 Bxc6 18. Bxd4 Re8 19. Qd1 Qxa2 20. Ra1 1-0


[Site "https://www.chess.com"]

[Event "Titled Tuesday Blitz March 15 Late 2022"]
[White "Xu, Yi"]
[Black "Golubev, Mikhail"]
[WhiteFideId "8605564"]
[BlackFideId "14100983"]
[WhiteElo "2471"]
[BlackElo "2374"]
[Result "1-0"]
[Round "06"]
[TimeControl "180+1"]
[Date "2022.03.16"]
[WhiteClock "0:00:22"]
[BlackClock "0:00:03"]

1. e4 c5 2. Nf3 d6 3. d4 cxd4 4. Nxd4 Nf6 5. Nc3 g6 6. Be3 Bg7 7. f3 Nc6 8. Qd2 O-O 9. Bc4 Bd7 10. O-O-O Rc8 11. Bb3 Nxd4 12. Bxd4 b5 13. Nd5 Nxd5 14. Bxg7 Kxg7 15. exd5 a5 16. a3 b4 17. axb4 axb4 18. Qxb4 Kg8 19. Rhe1 Rc5 20. Re3 Qa8 21. Bc4 Rb8 22. Ra3 Rxb4 23. Rxa8+ Kg7 24. b3 Rb7 25. Rd4 g5 26. Kb2 h5 27. c3 Rbc7 28. Ra1 Kf6 29. Re1 h4 30. g3 h3 31. g4 Bc8 32. Re3 Ra5 33. b4 Ra8 34. Bb3 Rb8 35. Ba4 Rb6 36. Bc6 e5 37. Rd1 Bb7 38. Bxb7 Rcxb7 39. Ra1 Rb8 40. Ra7 Rb5 41. Rd3 Kg6 42. Rd7 R8b6 43. Rd1 f5 44. Kb3 fxg4 45. fxg4 e4 46. Rd4 Rb8 47. Rxe4 Rf8 48. Re6+ 1-0


[Site "https://www.chess.com"]

[Event "Titled Tuesday Blitz March 15 Late 2022"]
[White "Yang, Kaiqi"]
[Black "Chiku-Ratte, Olivier-Kenta"]
[WhiteFideId "8604398"]
[BlackFideId "2614782"]
[WhiteElo "2373"]
[BlackElo "2324"]
[Result "1-0"]
[Round "06"]
[TimeControl "180+1"]
[Date "2022.03.15"]
[WhiteClock "0:00:21"]
[BlackClock "0:00:13"]

1. e4 c5 2. Nc3 Nc6 3. Bb5 Nd4 4. Nf3 Nxb5 5. Nxb5 d6 6. O-O a6 7. Nc3 Bg4 8. h3 Bh5 9. g4 Bg6 10. d4 cxd4 11. Qxd4 e5 12. Qd3 Nf6 13. Bg5 Be7 14. Rad1 d5 15. Bxf6 Bxf6 16. Qxd5 O-O 17. Nxe5 Qe7 18. Nd7 Rfd8 19. e5 Bh4 20. Qd6 Bxc2 21. Qxe7 Bxe7 22. Rd2 Bg6 23. Rfd1 h5 24. Nb6 Rab8 25. Kg2 hxg4 26. hxg4 Rxd2 27. Rxd2 Bb4 28. Rd7 Re8 29. f4 Bc5 30. Nbd5 Bd3 31. Rxb7 Bd4 32. Rd7 Bc4 33. Ne7+ Kf8 34. Rxd4 1-0


[Site "https://www.chess.com"]

[Event "Titled Tuesday Blitz March 15 Late 2022"]
[White "Zaksaite, Salomeja"]
[Black "Eisen, Zane"]
[WhiteFideId "12801496"]
[BlackFideId "2098750"]
[WhiteElo "1953"]
[BlackElo "2025"]
[Result "1-0"]
[Round "06"]
[TimeControl "180+1"]
[Date "2022.03.16"]
[WhiteClock "0:00:15"]
[BlackClock "0:00:04"]

1. e4 c5 2. Nf3 d6 3. d4 cxd4 4. Nxd4 Nf6 5. Nc3 g6 6. Be3 Bg7 7. f3 O-O 8. Qd2 Nc6 9. O-O-O Bd7 10. g4 Ne5 11. h4 h5 12. g5 Ne8 13. Kb1 Nc7 14. Bh3 b5 15. Bxd7 Qxd7 16. Nd5 Nxd5 17. exd5 Nc4 18. Qe2 Rfc8 19. Bf2 Qb7 20. Qe4 a5 21. f4 a4 22. f5 Kh7 23. fxg6+ fxg6 24. Rhe1 a3 25. b3 Ne5 26. Ne6 Bh8 27. Bd4 Rc4 28. bxc4 bxc4+ 29. Ka1 c3 30. Rb1 Qc8 31. Nf4 Qc4 32. Bxe5 Qxe4 33. Rxe4 Bxe5 34. Nd3 1-0


[Site "https://www.chess.com"]

[Event "Titled Tuesday Blitz March 15 Late 2022"]
[White "Zhou, Qiyu"]
[Black "Brunner, Nicolas"]
[WhiteFideId "505161"]
[BlackFideId "620246"]
[WhiteElo "1925"]
[BlackElo "2372"]
[Result "1/2-1/2"]
[Round "06"]
[TimeControl "180+1"]
[Date "2022.03.16"]
[WhiteClock "0:00:02"]
[BlackClock "0:00:11"]

1. e4 e5 2. Nf3 Nc6 3. Bb5 a6 4. Ba4 Nf6 5. O-O Be7 6. Re1 b5 7. Bb3 d6 8. c3 Nb8 9. h3 O-O 10. d4 Nbd7 11. Nbd2 Bb7 12. Bc2 Re8 13. Nf1 Bf8 14. Ng3 g6 15. b3 a5 16. d5 c6 17. c4 Nc5 18. Be3 Nfd7 19. Qd2 bxc4 20. bxc4 Nb6 21. Qc3 Qc7 22. a4 Ba6 23. Nd2 Rec8 24. Bxc5 dxc5 25. Ngf1 cxd5 26. exd5 f5 27. Rxe5 Bg7 28. f4 Nd7 29. Rae1 Nxe5 30. fxe5 Re8 31. Nf3 Rab8 32. N1d2 Rb4 33. Qd3 Rxe5 34. d6 Rxe1+ 35. Nxe1 Qd7 36. Qd5+ Kh8 37. Nef3 Rb6 38. Ng5 Bd4+ 39. Kh1 h6 40. Nf7+ Kg7 41. Ne5 Qxd6 42. Qf7+ Kh8 43. Qe8+ Kg7 44. Qf7+ Kh8 45. Qe8+ Kg7 46. Qf7+ 1/2-1/2


[Site "https://www.chess.com"]

[Event "Titled Tuesday Blitz March 15 Late 2022"]
[White "Zotova, Anastasia"]
[Black "Mangialardo, Tiago Carvalho"]
[WhiteFideId "34124907"]
[BlackFideId "2130718"]
[WhiteElo "1860"]
[BlackElo "2079"]
[Result "1-0"]
[Round "06"]
[TimeControl "180+1"]
[Date "2022.03.16"]
[WhiteClock "0:01:59"]
[BlackClock "0:00:03"]

1. d4 Nf6 2. Bg5 g6 3. c4 c5 4. Nc3 cxd4 5. Bxf6 exf6 6. Qxd4 Nc6 7. Qd1 Bg7 8. Nf3 f5 9. e3 O-O 10. Be2 Qc7 11. O-O Ne5 12. Nd5 Qd8 13. Rb1 a5 14. b3 d6 15. Nxe5 Bxe5 16. Bf3 Bd7 17. Qc2 Bc6 18. Rfd1 Qh4 19. g3 Qg5 20. Bg2 Bxd5 21. Rxd5 Qe7 22. Rbd1 a4 23. Rb5 Ra7 24. bxa4 Rfa8 25. Rdb1 Rxa4 26. Rxb7 Qf6 27. Rb8+ Kg7 28. Rxa8 Rxa8 29. Bxa8 1-0


[Site "https://www.chess.com"]

[Event "Titled Tuesday Blitz March 15 Late 2022"]
[White "Ambartsumova, Karina"]
[Black "Badelka, Olga"]
[WhiteFideId "4166299"]
[BlackFideId "13509926"]
[WhiteElo "2262"]
[BlackElo "2165"]
[Result "1-0"]
[Round "07"]
[TimeControl "180+1"]
[Date "2022.03.16"]
[WhiteClock "0:00:06"]
[BlackClock "0:00:04"]

1. c4 Nf6 2. Nf3 e6 3. g3 b6 4. Bg2 Bb7 5. O-O Be7 6. Nc3 O-O 7. Re1 d5 8. cxd5 exd5 9. d4 a6 10. Ne5 Nbd7 11. Qa4 Nxe5 12. dxe5 Ne4 13. Nxe4 dxe4 14. Bxe4 b5 15. Qc2 Bxe4 16. Qxe4 Qd7 17. Be3 c5 18. Rad1 Qe6 19. Rd5 Rad8 20. Red1 c4 21. f4 Rxd5 22. Rxd5 g6 23. Qd4 Rc8 24. a3 h5 25. Kg2 h4 26. Bf2 h3+ 27. Kf3 Qc6 28. Qe4 c3 29. bxc3 Qxc3+ 30. Rd3 Qc1 31. Kg4 Qf1 32. Qf3 Rc2 33. Re3 Bc5 34. e6 f5+ 35. Kg5 Be7+ 36. Kxg6 Qa1 37. Qa8+ Bf8 38. e7 Qg7+ 39. Kxf5 Rc5+ 40. Re5 Rxe5+ 41. fxe5 Qxe7 42. e6 Qh7+ 43. Kf4 Qh6+ 44. Kf3 Qxe6 45. Be3 Qf5+ 46. Bf4 Qh5+ 47. g4 Qf7 48. Kg3 Qb3+ 49. e3 Kf7 50. Qb7+ Be7 51. Qxa6 Qd3 52. Kxh3 Qf1+ 53. Kg3 Qg1+ 54. Kf3 Qh1+ 55. Ke2 Qg2+ 56. Kd3 Qd5+ 57. Kc2 Qc4+ 58. Kd1 Qd3+ 59. Ke1 Qb1+ 60. Ke2 Qc2+ 61. Kf3 Qd1+ 62. Ke4 Qc2+ 63. Kd5 Qc4+ 64. Ke5 Bf6+ 65. Qxf6+ 1-0


[Site "https://www.chess.com"]

[Event "Titled Tuesday Blitz March 15 Late 2022"]
[White "Araujo Filho, Luiz Antonio Coel"]
[Black "Jaskolka, Tomasz"]
[WhiteFideId "2130661"]
[BlackFideId "1170791"]
[WhiteElo "2218"]
[BlackElo "2073"]
[Result "1-0"]
[Round "07"]
[TimeControl "180+1"]
[Date "2022.03.16"]
[WhiteClock "0:00:11"]
[BlackClock "0:00:37"]

1. d4 e6 2. Nf3 f5 3. Nc3 Nf6 4. g3 Be7 5. Bg2 O-O 6. O-O d6 7. b3 Qe8 8. Bb2 Nbd7 9. Qd3 Qh5 10. e4 e5 11. dxe5 Nxe5 12. Nxe5 dxe5 13. Qc4+ Kh8 14. Qxc7 Bd8 15. Qd6 f4 16. Qxf8+ Ng8 17. Qxd8 f3 18. Qh4 Qf7 19. Bh1 Be6 20. Nd5 Re8 21. Rae1 Rc8 22. c4 b5 23. Bxe5 bxc4 24. bxc4 Rxc4 25. Nf4 Bc8 26. Bxf3 Rc6 27. Bh5 Qxa2 28. Qd8 Qb3 29. Rc1 Qb5 30. Qf8 Qb7 31. Rxc6 Qxc6 32. Qxg7# 1-0


[Site "https://www.chess.com"]

[Event "Titled Tuesday Blitz March 15 Late 2022"]
[White "Araujo Sanchez, Josue"]
[Black "Rustemov, Alexander"]
[WhiteFideId "6416896"]
[BlackFideId "4119002"]
[WhiteElo "2357"]
[BlackElo "2745"]
[Result "0-1"]
[Round "07"]
[TimeControl "180+1"]
[Date "2022.03.15"]
[WhiteClock "0:01:07"]
[BlackClock "0:00:24"]

1. e4 e6 2. d3 d5 3. Nd2 c5 4. Ngf3 Nc6 5. g3 g6 6. Bg2 Bg7 7. O-O Nge7 8. Re1 b6 9. c3 Qc7 10. exd5 Nxd5 11. Nc4 O-O 12. a4 h6 13. Bd2 Rd8 14. Qb3 Rb8 15. Rad1 Kh7 16. h4 e5 17. Nfxe5 Bxe5 18. Nxe5 Nxe5 19. Bxd5 Bb7 20. Rxe5 Qxe5 21. Bxf7 Rxd3 22. Bf4 Qe2 23. Rf1 Rbd8 24. h5 Qxh5 0-1


[Site "https://www.chess.com"]

[Event "Titled Tuesday Blitz March 15 Late 2022"]
[White "Artemenko, Oleg"]
[Black "Hirneise, Jens"]
[WhiteFideId "14201798"]
[BlackFideId "24614734"]
[WhiteElo "2287"]
[BlackElo "2359"]
[Result "1-0"]
[Round "07"]
[TimeControl "180+1"]
[Date "2022.03.16"]
[WhiteClock "0:02:01"]
[BlackClock "0:01:08"]

1. d4 Nf6 2. Nc3 d5 3. Bf4 c6 4. f3 g6 5. Qd2 h5 6. O-O-O a5 7. e4 Na6 8. e5 Ng8 9. h4 Bh6 10. Bxa6 Rxa6 11. Nge2 a4 12. Rdg1 a3 13. b3 Bxf4 14. Qxf4 Nh6 15. g4 hxg4 16. fxg4 Nxg4 17. Rxg4 Bxg4 18. Qxg4 Qd7 19. Qg3 Ra8 20. Nf4 Qf5 21. e6 fxe6 22. Nxg6 Rh6 23. Ne5 Rf6 24. Ne2 Qf2 25. Qg8+ Rf8 26. Qxe6 Rf6 27. Qg8+ Rf8 28. Qg4 Qf5 29. Qxf5 Rxf5 30. h5 Kf8 31. h6 Kg8 32. h7+ Kg7 33. Ng6 Kxg6 34. h8=Q Rxh8 35. Rxh8 Rf1+ 36. Kd2 Ra1 37. Nc1 1-0


[Site "https://www.chess.com"]